NYP
WILLIAMSPORT CROSSCUTTERS @ AUBURN DOUBLEDAYS
09/02/2044
 
TOP OF THE 1ST
Williamsport Crosscutters batting - Pitching for Auburn Doubledays : LHP Jason Wasson
Pitching: LHP Jason Wasson
Batting: RHB Cory Bonham 0-0: Foul Ball, location: 2F
0-1: Ball
1-1: Ball
2-1: Ground out 6-3 (Groundball, 6, EV 78.8 MPH)
Batting: RHB Matt McDevitt 0-0: Ball
1-0: Ball
2-0: Foul Ball, location: 2F
2-1: SINGLE (Groundball, 15S, EV 69.4 MPH) (infield hit)
Batting: RHB Alan Weller 0-0: DOUBLE (Flyball, 8RXD, EV 108.1 MPH)
Matt McDevitt to third
Batting: SHB Benjamin Brown 0-0: Foul Ball, location: 2F
0-1: Ball
1-1: Swinging Strike
1-2: Strikes out swinging
Batting: RHB Jimmy Misener 0-0: Called Strike
0-1: Ball
1-1: Foul Ball, location: 2F
1-2: Ball
2-2: Ball
3-2: Strikes out swinging
Top of the 1st over - 0 runs, 2 hits, 0 errors, 2 left on base; Williamsport 0 - Auburn 0
BOTTOM OF THE 1ST
Auburn Doubledays batting - Pitching for Williamsport Crosscutters : LHP Pat Palazzolo
Pitching: LHP Pat Palazzolo
Batting: RHB Ryan Hiemer 0-0: Ball
1-0: Ball
2-0: Called Strike
2-1: Ball
3-1: Base on Balls
Batting: LHB Elias Posada 0-0: Foul Ball, location: 2F
0-1: Ball
1-1: Called Strike
1-2: Ball
2-2: Ball
3-2: Strikes out swinging
Ryan Hiemer is caught stealing 2nd base 2-6
Batter strikes out.
Batting: SHB Gabe Fraunfelder 0-0: Ball
1-0: Fly out, F6 (Popup, 6S, EV 63.1 MPH)
Bottom of the 1st over - 0 runs, 0 hits, 0 errors, 0 left on base; Williamsport 0 - Auburn 0
TOP OF THE 2ND
Williamsport Crosscutters batting - Pitching for Auburn Doubledays : LHP Jason Wasson
Batting: RHB Allen Gravel 0-0: Ball
1-0: Ball
2-0: Swinging Strike
2-1: Foul Ball, location: 2F
2-2: Strikes out swinging
Batting: SHB Matt Sybrant 0-0: Called Strike
0-1: Foul Ball, location: 2F
0-2: Ball
1-2: Ground out 1-3 (Groundball, 34S, EV 75.0 MPH)
Batting: SHB Jeff Echt 0-0: Ball
1-0: Ball
2-0: Ball
3-0: Base on Balls
Batting: LHB Tsuneharu Nishimura 0-0: Called Strike
0-1: Ball
1-1: Fly out, F8 (Flyball, 8LS, EV 90.0 MPH)
Top of the 2nd over - 0 runs, 0 hits, 0 errors, 1 left on base; Williamsport 0 - Auburn 0
BOTTOM OF THE 2ND
Auburn Doubledays batting - Pitching for Williamsport Crosscutters : LHP Pat Palazzolo
Batting: RHB Slavik Nebrodov 0-0: Foul Ball, location: 2F
0-1: Ball
1-1: Called Strike
1-2: Strikes out looking
Batting: RHB Joe Klein 0-0: Ball
1-0: Ball
2-0: Ball
3-0: Called Strike
3-1: Swinging Strike
3-2: SINGLE (Flyball, 9LS, EV 86.9 MPH)
Batting: LHB Mike Condon 0-0: Called Strike
0-1: Reached via error on a dropped throw from SS, E3 (Groundball, 6MS, EV 79.4 MPH)
Joe Klein to second
Batting: RHB Bryan Ernst 0-0: 3-RUN HOME RUN (Flyball, 7LD, EV 91.9 MPH), Distance : 345 ft
Batting: RHB Jon Hill 0-0: Foul Ball, location: 2F
0-1: Foul Ball, location: 2F
0-2: Strikes out looking
Batting: RHB Isaiah Seme 0-0: DOUBLE (Flyball, 8RD, EV 108.1 MPH)
Batting: RHB Ryan Hiemer 0-0: Called Strike
0-1: Ball
1-1: Ball
2-1: Ball
3-1: Base on Balls
Batting: LHB Elias Posada 0-0: Ball
1-0: Foul Ball, location: 2F
1-1: Swinging Strike
1-2: DOUBLE (Flyball, 78XD, EV 98.1 MPH)
Isaiah Seme scores
Ryan Hiemer to third
Runner from 3rd tries for Home, SAFE, no throw by LF
Batting: SHB Gabe Fraunfelder 0-0: Called Strike
0-1: Ball
1-1: Ground out 4-3 (Groundball, 4, EV 99.4 MPH)
Bottom of the 2nd over - 5 runs, 4 hits, 1 error, 1 left on base; Williamsport 0 - Auburn 5
TOP OF THE 3RD
Williamsport Crosscutters batting - Pitching for Auburn Doubledays : LHP Jason Wasson
Batting: RHB Cory Bonham 0-0: Ball
1-0: Called Strike
1-1: Foul Ball, location: 2F
1-2: Ball
2-2: Strikes out looking
Batting: RHB Matt McDevitt 0-0: Ball
1-0: SINGLE (Groundball, 6MD, EV 96.9 MPH)
Batting: RHB Alan Weller 0-0: Ball
Wild Pitch!
Matt McDevitt to second
1-0: Called Strike
1-1: Swinging Strike
1-2: Ball
Wild Pitch!
Matt McDevitt to third
2-2: Foul Ball, location: 2F
Balk!
Matt McDevitt scores
2-2: Foul Ball, location: 2F
2-2: Strikes out swinging
Batting: SHB Benjamin Brown 0-0: DOUBLE (Line Drive, 9LM, EV 95.0 MPH)
Batting: RHB Jimmy Misener 0-0: Ball
1-0: Ball
2-0: Fly out, F9 (Flyball, 9S, EV 91.9 MPH)
Top of the 3rd over - 1 run, 2 hits, 0 errors, 1 left on base; Williamsport 1 - Auburn 5
BOTTOM OF THE 3RD
Auburn Doubledays batting - Pitching for Williamsport Crosscutters : LHP Pat Palazzolo
Batting: RHB Slavik Nebrodov 0-0: Ball
1-0: Fly out, F4 (Flyball, 34D, EV 90.0 MPH)
Batting: RHB Joe Klein 0-0: Foul Ball, location: 2F
0-1: Ball
1-1: Foul Ball, location: 2F
1-2: Foul Ball, location: 2F
1-2: Foul Ball, location: 2F
1-2: SINGLE (Groundball, 56D, EV 111.2 MPH)
Batting: LHB Mike Condon 0-0: Foul Ball, location: 2F
0-1: Swinging Strike
0-2: Ball
Wild Pitch!
Joe Klein to second
1-2: Ball
2-2: Reached on error, E6 (Groundball, 6M, EV 76.2 MPH)
Joe Klein to third
Pitching: RHP Robbie Rojas
Batting: RHB Bryan Ernst 0-0: Fielders Choice at 2nd, 3-6 (Groundball, 34S, EV 79.4 MPH)
Joe Klein scores
Batting: RHB Jon Hill 0-0: Called Strike
0-1: Ball
1-1: SINGLE (Groundball, 56D, EV 105.6 MPH)
Bryan Ernst to second
Batting: RHB Isaiah Seme 0-0: Ball
1-0: Swinging Strike
1-1: Foul Ball, location: 2F
1-2: Foul Ball, location: 2F
1-2: Strikes out looking
Bottom of the 3rd over - 1 run, 2 hits, 1 error, 2 left on base; Williamsport 1 - Auburn 6
TOP OF THE 4TH
Williamsport Crosscutters batting - Pitching for Auburn Doubledays : LHP Jason Wasson
Batting: RHB Allen Gravel 0-0: Ball
1-0: Foul Ball, location: 2F
1-1: Ball
2-1: Foul Ball, location: 2F
2-2: Ball
3-2: Foul Ball, location: 2F
3-2: Foul Ball, location: 2F
3-2: Base on Balls
Batting: SHB Matt Sybrant 0-0: DOUBLE (Line Drive, 9LD, EV 108.8 MPH)
Allen Gravel to third
Runner from 3rd tries for Home, SAFE, throw by RF to trailing runner, SAFE at third!
Batting: SHB Jeff Echt 0-0: Swinging Strike
0-1: Ball
1-1: Ball
2-1: Swinging Strike
2-2: Ball
3-2: Strikes out swinging
Batting: LHB Tsuneharu Nishimura 0-0: Called Strike
0-1: Ball
1-1: Swinging Strike
1-2: Strikes out looking
Batting: RHB Cory Bonham 0-0: Foul Ball, location: 2F
0-1: Ball
1-1: Called Strike
1-2: Ground out U3 (Groundball, 34S, EV 88.1 MPH)
Top of the 4th over - 1 run, 1 hit, 0 errors, 1 left on base; Williamsport 2 - Auburn 6
BOTTOM OF THE 4TH
Auburn Doubledays batting - Pitching for Williamsport Crosscutters : RHP Robbie Rojas
Batting: RHB Ryan Hiemer 0-0: Ball
1-0: Called Strike
1-1: Ground out 5-3 (Groundball, 56, EV 81.2 MPH)
Batting: LHB Elias Posada 0-0: Ball
1-0: Called Strike
1-1: Reached on error, E6 (Groundball, 6, EV 88.8 MPH)
Batting: SHB Gabe Fraunfelder 0-0: Ball
Wild Pitch!
Elias Posada to second
1-0: Ball
2-0: Called Strike
2-1: Ground out 6-3 (Groundball, 4MS, EV 69.4 MPH)
Elias Posada to third
Batting: RHB Slavik Nebrodov 0-0: Called Strike
0-1: Foul Ball, location: 2F
0-2: SINGLE (Groundball, 6MD, EV 96.2 MPH)
Elias Posada scores
Batting: RHB Joe Klein 0-0: Called Strike
0-1: Ball
1-1: Called Strike
1-2: Ball
2-2: Ball
3-2: Foul Ball, location: 2F
3-2: Base on Balls
Slavik Nebrodov to second
Batting: LHB Mike Condon 0-0: Called Strike
0-1: Swinging Strike
0-2: Ball
Wild Pitch!
Slavik Nebrodov to third
Joe Klein to second
1-2: Strikes out swinging
Bottom of the 4th over - 1 run, 1 hit, 1 error, 2 left on base; Williamsport 2 - Auburn 7
TOP OF THE 5TH
Williamsport Crosscutters batting - Pitching for Auburn Doubledays : LHP Jason Wasson
Batting: RHB Matt McDevitt 0-0: Called Strike
0-1: Ball
1-1: Ball
2-1: Ball
3-1: Foul Ball, location: 2F
3-2: Strikes out swinging
Batting: RHB Alan Weller 0-0: Called Strike
0-1: Ball
1-1: Ball
2-1: Foul Ball, location: 2F
2-2: Foul Ball, location: 2F
2-2: Foul Ball, location: 2F
2-2: Ball
3-2: Foul Ball, location: 2F
3-2: DOUBLE (Line Drive, 9LS, EV 107.5 MPH)
Batting: SHB Benjamin Brown 0-0: Ball
1-0: Called Strike
1-1: Foul Ball, location: 2F
1-2: Ball
2-2: Fly out, F8 (Flyball, 89S, EV 95.0 MPH)
Batting: RHB Jimmy Misener 0-0: Ball
1-0: Ball
2-0: Foul Ball, location: 2F
2-1: Foul Ball, location: 2F
2-2: Ground out 1-3 (Groundball, 34S, EV 61.9 MPH)
Top of the 5th over - 0 runs, 1 hit, 0 errors, 1 left on base; Williamsport 2 - Auburn 7
BOTTOM OF THE 5TH
Auburn Doubledays batting - Pitching for Williamsport Crosscutters : RHP Robbie Rojas
Batting: RHB Bryan Ernst 0-0: Called Strike
0-1: Ground out 6-3 (Groundball, 6, EV 87.5 MPH)
Batting: RHB Jon Hill 0-0: Ball
1-0: Called Strike
1-1: Foul Ball, location: 2F
1-2: Ball
2-2: Ball
3-2: Strikes out looking
Batting: RHB Isaiah Seme 0-0: Foul Ball, location: 2F
0-1: Ball
1-1: Fly out, F8 (Flyball, 8RM, EV 91.9 MPH)
Bottom of the 5th over - 0 runs, 0 hits, 0 errors, 0 left on base; Williamsport 2 - Auburn 7
TOP OF THE 6TH
Williamsport Crosscutters batting - Pitching for Auburn Doubledays : LHP Jason Wasson
Pitching: LHP Ruben de Leon
Batting: RHB Allen Gravel 0-0: Ground out 1-3 (Groundball, 34S, EV 68.8 MPH)
Batting: SHB Matt Sybrant 0-0: Ball
1-0: Foul Ball, location: 2F
1-1: Called Strike
1-2: Fly out, F8 (Flyball, 8LXD, EV 98.1 MPH)
Batting: SHB Jeff Echt 0-0: Swinging Strike
0-1: SINGLE (Groundball, 6D, EV 97.5 MPH)
Batting: LHB Tsuneharu Nishimura 0-0: Called Strike
0-1: Called Strike
0-2: Strikes out swinging
Top of the 6th over - 0 runs, 1 hit, 0 errors, 1 left on base; Williamsport 2 - Auburn 7
BOTTOM OF THE 6TH
Auburn Doubledays batting - Pitching for Williamsport Crosscutters : RHP Robbie Rojas
Batting: RHB Ryan Hiemer 0-0: Ground out 4-3 (Groundball, 34, EV 105.6 MPH)
Batting: LHB Elias Posada 0-0: Ball
1-0: Called Strike
1-1: Swinging Strike
1-2: Ball
2-2: Strikes out swinging
Batting: SHB Gabe Fraunfelder 0-0: Ball
1-0: Ball
2-0: Ball
3-0: Base on Balls
Pitching: RHP Paul Wright
Batting: RHB Slavik Nebrodov 0-0: Called Strike
0-1: Ball
1-1: Foul Ball, location: 2F
1-2: Strikes out swinging
Bottom of the 6th over - 0 runs, 0 hits, 0 errors, 1 left on base; Williamsport 2 - Auburn 7
TOP OF THE 7TH
Williamsport Crosscutters batting - Pitching for Auburn Doubledays : LHP Ruben de Leon
Batting: RHB Cory Bonham 0-0: Ball
1-0: Ball
2-0: Swinging Strike
2-1: Foul Ball, location: 2F
2-2: Strikes out swinging
Batting: RHB Matt McDevitt 0-0: Ball
1-0: Ground out 6-3 (Groundball, 4M, EV 105.6 MPH)
Batting: RHB Alan Weller 0-0: Ground out 4-3 (Groundball, 4, EV 88.8 MPH)
Top of the 7th over - 0 runs, 0 hits, 0 errors, 0 left on base; Williamsport 2 - Auburn 7
BOTTOM OF THE 7TH
Auburn Doubledays batting - Pitching for Williamsport Crosscutters : RHP Paul Wright
Batting: RHB Joe Klein 0-0: Ball
1-0: Called Strike
1-1: Ball
2-1: SINGLE (Line Drive, 78M, EV 95.0 MPH)
Batting: LHB Mike Condon 0-0: Called Strike
0-1: Ball
1-1: SINGLE (Groundball, 34D, EV 110.6 MPH)
Joe Klein to second
Batting: RHB Bryan Ernst 0-0: Ball
1-0: Fly out, F9 (Flyball, 9, EV 82.5 MPH)
Batting: RHB Jon Hill 0-0: Called Strike
0-1: Ball
1-1: Foul Ball, location: 2F
1-2: Strikes out swinging
Batting: RHB Isaiah Seme 0-0: Called Strike
0-1: Swinging Strike
0-2: Strikes out swinging
Bottom of the 7th over - 0 runs, 2 hits, 0 errors, 2 left on base; Williamsport 2 - Auburn 7
TOP OF THE 8TH
Williamsport Crosscutters batting - Pitching for Auburn Doubledays : LHP Ruben de Leon
Batting: SHB Benjamin Brown 0-0: Swinging Strike
0-1: Ball
1-1: SINGLE (Groundball, 3D, EV 98.8 MPH)
Batting: RHB Jimmy Misener 0-0: Swinging Strike
0-1: Ball
1-1: Ball
2-1: Fly out, F4 (Popup, 4, EV 73.1 MPH)
Pitching: RHP Mike DiFonzo
Batting: RHB Allen Gravel 0-0: Fly out, F9 (Flyball, 9LD, EV 98.1 MPH)
Batting: SHB Matt Sybrant 0-0: Ball
1-0: Called Strike
1-1: Ball
2-1: Foul Ball, location: 2F
2-2: Reached on error, E6 (Groundball, 6, EV 82.5 MPH)
Benjamin Brown to second
Batting: SHB Jeff Echt 0-0: Ball
1-0: Ball
2-0: Called Strike
2-1: Swinging Strike
2-2: Ball
3-2: Strikes out swinging
Top of the 8th over - 0 runs, 1 hit, 1 error, 2 left on base; Williamsport 2 - Auburn 7
BOTTOM OF THE 8TH
Auburn Doubledays batting - Pitching for Williamsport Crosscutters : RHP Paul Wright
Batting: RHB Ryan Hiemer 0-0: Called Strike
0-1: Foul Ball, location: 2F
0-2: Foul Ball, location: 2F
0-2: Foul Ball, location: 2F
0-2: Foul Ball, location: 2F
0-2: Foul Ball, location: 2F
0-2: Foul Ball, location: 2F
0-2: Ball
1-2: Ball
2-2: SOLO HOME RUN (Flyball, 7D, EV 96.2 MPH), Distance : 389 ft
Pitching: LHP Rick Sarratt
Batting: LHB Elias Posada 0-0: Swinging Strike
0-1: Ball
1-1: Foul Ball, location: 2F
1-2: Ball
2-2: SINGLE (Groundball, 6MD, EV 94.4 MPH)
Batting: SHB Gabe Fraunfelder 0-0: Ball
1-0: Foul Ball, location: 2F
1-1: Called Strike
1-2: Ball
2-2: Ball
3-2: Fly out, F8 (Flyball, 8LXD, EV 89.4 MPH)
Batting: RHB Slavik Nebrodov 0-0: Ball
1-0: Ball
2-0: Ball
3-0: Base on Balls
Elias Posada to second
Batting: RHB Joe Klein 0-0: Ball
1-0: Ball
2-0: Called Strike
2-1: Swinging Strike
2-2: Foul Ball, location: 2F
2-2: Strikes out swinging
Batting: LHB Mike Condon 0-0: Called Strike
0-1: Swinging Strike
0-2: Strikes out swinging
Bottom of the 8th over - 1 run, 2 hits, 0 errors, 2 left on base; Williamsport 2 - Auburn 8
TOP OF THE 9TH
Williamsport Crosscutters batting - Pitching for Auburn Doubledays : RHP Mike DiFonzo
Batting: LHB Tsuneharu Nishimura 0-0: Ground out 1-3 (Groundball, 13S, EV 68.1 MPH)
Batting: RHB Cory Bonham 0-0: Ball
1-0: Called Strike
1-1: Ground out 1-3 (Groundball, 25, EV 68.8 MPH)
Batting: RHB Matt McDevitt 0-0: Ball
1-0: Ball
2-0: Ground out 4-3 (Groundball, 4MS, EV 93.8 MPH)
Top of the 9th over - 0 runs, 0 hits, 0 errors, 0 left on base; Williamsport 2 - Auburn 8
Thursday, March 31st , 2022 - OOTP Baseball 22.12 Build 89